 Dungeon Crawl Stone Soup version 0.31-a0-968-g24f9ace8b5 (webtiles) character file.

Game seed: 5829576768550051017

5 croobank the Sneak (level 1, 0/19 HPs)
             Began as a Draconian Delver on Oct 27, 2023.
             Slain by an ufetubus (1 damage)
             ... on level 5 of the Dungeon.
             The game lasted 00:00:39 (119 turns).

croobank the Sneak (Draconian Delver)                Turns: 119, Time: 00:00:40

Health: 0/19       AC:  4    Str: 14    XL:     1   Next: 66%
Magic:  1/1        EV: 12    Int: 10    God:
Gold:   0          SH:  0    Dex: 12    Spells: 0/0 levels left

rFire   . . .        a - +0 short sword
rCold   . . .        (no shield)
rNeg    . . .        (body armour unavailable)
rPois   .            (helmet restricted)
rElec   .            (no cloak)
rCorr   .            (no gloves)
SInv    .            (no boots)
Will    .....        (no amulet)
Stlth   +++          (no ring)
HPRegen 0.23/turn    (no ring)
MPRegen 0.07/turn

%: no passive effects
@: no status effects
A: AC +4, unfitting armour, cold-blooded
a: no special abilities


You were on level 5 of the Dungeon.
You visited 1 branch of the dungeon, and saw 2 of its levels.

Inventory:

Hand Weapons
 a - a +0 short sword (weapon)
Wands
 f - a wand of digging (3)
Scrolls
 b - a scroll of fog
 c - a scroll of revelation


   Skills:
 + Level 3.4 Fighting
 + Level 2.1 Short Blades
 + Level 1.9 Dodging
 + Level 4.6 Stealth


You couldn't memorise any spells.
You didn't know any spells.
Your spell library was empty.

Dungeon Overview and Level Annotations

Branches:
Dungeon (6/15)
 Temple: D:4-7

Altars:


Innate Abilities, Weirdness & Mutations

Your plain brown scales are hard. (AC +4)
You cannot fit into any form of body armour.
You are cold-blooded and may be slowed by cold attacks.


Message History

The ufetubus hits you but does no damage.
You closely miss the ufetubus.
The ufetubus is moderately wounded.
The ufetubus hits you. The ufetubus closely misses you. The ufetubus hits you.
The ufetubus completely misses you.
You are too injured to fight recklessly!
You are too injured to fight recklessly!
You are too injured to fight recklessly!
You are too injured to fight recklessly!
You barely miss the ufetubus.
You tail-slap the ufetubus, but do no damage.
The ufetubus is moderately wounded.
The ufetubus hits you but does no damage.
The ufetubus closely misses you.
You hit the ufetubus.
The ufetubus is severely wounded.
The ufetubus hits you.
* * * LOW HITPOINT WARNING * * *
The ufetubus misses you.
You barely miss the ufetubus.
The ufetubus is severely wounded.
The ufetubus barely misses you. The ufetubus hits you.
* * * LOW HITPOINT WARNING * * *
The ufetubus hits you.
* * * LOW HITPOINT WARNING * * *
The ufetubus closely misses you.
Okay, then.
You aren't carrying any potions.
You barely miss the ufetubus.
The ufetubus is severely wounded.
The ufetubus hits you but does no damage.
The ufetubus misses you.
You miss the ufetubus.
The ufetubus is severely wounded.
The ufetubus hits you but does no damage.
The ufetubus barely misses you.
You hit the ufetubus but do no damage.
The ufetubus is severely wounded.
The ufetubus misses you. The ufetubus hits you.
You die...

#......#.###......
#...............#
#...........##..##
#......##...##....
######......##.###
####.##.#.#....#
#.....^...##.#.#
..##+####.######...#.#.#
#.....@#.# #.......
#.....5'.# ##.>....
#......### ##.#...
#......# #..... #......#
####.. #......# ..
#......# .# ######## .#


You could see an ufetubus.

Vanquished Creatures
  An ufetubus (D:5)
1 creature vanquished.

Notes
Turn   | Place    | Note
-------+----------+-------------------------------------------
     0 | D:5      | croobank the Draconian Delver began the quest for the Orb.
     0 | D:5      | Reached XP level 1. HP: 19/19 MP: 1/1
    32 | D:6      | Noticed a black bear
   119 | D:5      | Slain by an ufetubus

Illustrated notes

Levels and vault maps discovered:
D:5:      layout_basic
D:6:      layout_basic, kennysheep_mini_moat, mainiacjoe_overflow_divided_tiny,
          vehumet_crystals, minmay_temple_entry_large_hall, serial_shops,
          nicolae_shop_hallway_plus

Action                     || total
---------------------------++-------
  Melee: Short sword       ||    21
         Tailslap          ||     2
    Use: Scroll            ||     1
         Potion            ||     1
 Armour: Skin              ||    26
  Dodge: Dodged            ||    35

Table legend: (Time is in decaauts)
 A = Elapsed time spent in this place.
 B = Non-inter-level travel time spent in this place.
 C = Inter-level travel time spent in this place.
 D = Time resting spent in this place.
 E = Time spent auto-exploring this place.
 F = Levels seen in this place.
 G = Mean time per level.
                   A        B        C        D        E       F      G
               +--------+--------+--------+--------+--------+-----+--------+
         Total |    101 |     96 |      5 |      0 |     51 |   2 |   50.5 |
       Dungeon |    101 |     96 |      5 |      0 |     51 |   2 |   50.5 |
               +--------+--------+--------+--------+--------+-----+--------+

Top non-repeatable levels by time:
     D:6: 56 daAuts
     D:5: 44 daAuts
